 Dungeon Crawl Stone Soup version 0.23-a0-325-gb46b2e5 (webtiles) character file.

109 Jeffrey the Gusty (level 5, 0/28 HPs)
             Began as a Hedgehog Air Elementalist on Jan 15, 2019.
             Slain by an orc
             ... wielding a +0 dagger
              (4 damage)
             ... on level 3 of the Dungeon.
             The game lasted 00:11:55 (2213 turns).

Jeffrey the Gusty (Hedgehog Air Elementalist)       Turns: 2213, Time: 00:11:55

Health: 0/28       AC:  1    Str:  9    XL:     5   Next: 13%
Magic:  0/9        EV: 14    Int: 14    God:
Gold:   97         SH:  0    Dex: 15    Spells: 3/9 levels left

rFire    . . .     SeeInvis .   c - +0 rapier
rCold    . . .     Gourm    .   (shield unavailable)
rNeg     . . .     Faith    .   (armour unavailable)
rPois    .         Spirit   .   (helmet unavailable)
rElec    .         Reflect  .   (cloak unavailable)
rCorr    .         Harm     .   k - +0 pair of gloves
MR       +....                  (no boots)
Stlth    ++........             (no amulet)
HPRegen  0.09/turn              h - ring of protection from magic
MPRegen  0.11/turn              (no ring)

@: very quick
A: gotta go fast, unfitting armour, speed 3, screaming 3, spiny 1
a: no special abilities


You were on level 3 of the Dungeon.
You were not hungry.

You visited 1 branch of the dungeon, and saw 3 of its levels.

You collected 97 gold pieces.


Innate Abilities, Weirdness & Mutations

You always go fast, even when slowed.
You cover ground extremely quickly.
You frequently scream uncontrollably at your foes.
You are partially covered in sharp spines.


   Skills:
 - Level 0.6 Fighting
 + Level 4.1 Dodging
 - Level 1.4 Stealth
 - Level 2.5 Spellcasting
 - Level 1.0 Conjurations
 + Level 5.1 Air Magic


You had 3 spell levels left.
You knew the following spells:

 Your Spells              Type           Power        Failure   Level  Hunger
s - Swiftness             Chrm/Air       #.......     12%         2    ###....
z - Shock                 Conj/Air       ##..         6%          1    #......
Z - Static Discharge      Conj/Air       ##......     19%         3    ###....

Your spell library contained the following spells:

 Spells                   Type           Power        Failure   Level  Hunger
 Airstrike                Air            ###.......   26%         4    #####..
 Lightning Bolt           Conj/Air       ##........   87%         5    ######.

Inventory:

Hand Weapons
 c - a +0 rapier (weapon)
Missiles
 g - 4 tomahawks (quivered)
Armour
 k - a +0 pair of gloves (worn)
Jewellery
 h - a ring of protection from magic (left hand)
Scrolls
 f - a scroll of teleportation {unknown}
 i - 4 scrolls of identify {unknown}
Potions
 a - 2 potions of curing {unknown}
 d - 2 potions of heal wounds {unknown}
Comestibles
 b - 4 rations
 j - a chunk of flesh

{@*1} ######### #.......#
####### #.#####.# #.....#
#.# #.## #.[...# #.# #.##
.#####..)..#####.#####.##
..............##.......##
......................>##
.#.##o@..........###.###
......l####.......# #....
.....)o #.......#######
..##... ..........+......
. '.... ..........#######
.###.............# # .
####.##.......# #
###+#.... # #.... #


You could see an orc priest, an orc and a frilled lizard.


Message History

You kill the orc!
The zap hits the orc.
The orc is moderately wounded.
The zap hits the orc priest.
The orc priest is lightly wounded.
Aiming: Shock (safe; 6% risk of failure)
Aim: an orc priest, wielding a hand axe (lightly wounded)
The zap misses the orc.
The zap hits the orc priest.
The orc priest is moderately wounded.
* * * LOW MAGIC WARNING * * *
Aiming: Shock (safe; 6% risk of failure)
Aim: an orc priest, wielding a hand axe (moderately wounded)
The zap misses the orc priest.
The zap hits the orc priest.
The orc priest is severely wounded.
* * * LOW MAGIC WARNING * * *
You barely miss the orc.
The orc is moderately wounded.
The orc is struck by your spines. The orc closely misses you.
You closely miss the orc.
The orc is heavily wounded.
The orc hits you with a mace. The orc barely misses you.
You hit the orc.
You kill the orc!
The orc hits you with a dagger.
The orc priest calls down the wrath of Beogh upon you.
Pain shoots through your body!
Ouch! That really hurt!
* * * LOW HITPOINT WARNING * * *
The orc hits you with a dagger.
You die...

Action                   |  1- 3 |  4- 6 || total
-------------------------+-------+-------++-------
Melee: Mace              |     7 |       ||     7
       Flail             |       |     1 ||     1
       Rapier            |       |     3 ||     3
Throw: Tomahawk          |     5 |     5 ||    10
 Cast: Shock             |    63 |    34 ||    97
       Static Discharge  |       |     1 ||     1
  Use: Scroll            |     1 |       ||     1
  Eat: Chunk             |     2 |     2 ||     4
Armor: Skin              |       |     1 ||     1
Dodge: Dodged            |    13 |     7 ||    20

Vault maps used:
D:1:      eino_arrival_water_cross
D:3:      first_ration, kennysheep_okawaru_gauntlet

Notes
Turn   | Place    | Note
-------+----------+-------------------------------------------
     0 | D:1      | Jeffrey the Hedgehog Air Elementalist began the quest for
                  | the Orb.
     0 | D:1      | Reached XP level 1. HP: 10/10 MP: 4/4
   128 | D:1      | Reached XP level 2. HP: 10/15 MP: 0/6
   264 | D:1      | Learned a level 2 spell: Swiftness
   307 | D:1      | Reached skill level 4 in Air Magic
   870 | D:1      | Reached XP level 3. HP: 19/19 MP: 3/7
   882 | D:1      | Learned a level 3 spell: Static Discharge
   934 | D:2      | HP: 1/19 [gnoll/spear (7)]
  1671 | D:2      | Reached XP level 4. HP: 17/24 MP: 2/8
  1827 | D:2      | Reached skill level 5 in Air Magic
  2141 | D:2      | Reached skill level 4 in Dodging
  2141 | D:2      | Reached XP level 5. HP: 28/28 MP: 4/9
  2213 | D:3      | Slain by an orc

Vanquished Creatures
  4 gnolls (D:2)
  2 adders (D:2)
  A worm (D:2)
  3 dart slugs
  4 orcs
  7 bats
  A giant cockroach (D:1)
  5 goblins
  2 hobgoblins
  A ball python (D:1)
  4 frilled lizards
  5 kobolds
  5 rats
44 creatures vanquished.
